 Dungeon Crawl Stone Soup version 0.25-a0-860-gf695395b5c (webtiles) character file.

Game seed: 17075923107539553378, levelgen mode: deterministic

39 Maedhros the Charlatan (level 3, -2/23 HPs)
             Began as an Octopode Artificer on Apr 27, 2020.
             Slain by a phantom (7 damage)
             ... on level 4 of the Dungeon.
             The game lasted 00:00:59 (180 turns).

Maedhros the Charlatan (Octopode Artificer)          Turns: 180, Time: 00:01:00

Health: -2/23      AC:  1    Str: 11    XL:     3   Next: 47%
Magic:  5/5        EV: 13    Int: 13    God:
Gold:   29         SH:  0    Dex: 13    Spells: 2/2 levels left

rFire    . . .     SeeInvis .   a - +0 short sword
rCold    . . .     Gourm    .   (no shield)
rNeg     . . .     Faith    .   (helmet restricted)
rPois    .         Spirit   .   (no amulet)
rElec    .         Reflect  .   (no ring)
rCorr    .         Harm     .   (no ring)
MR       .....                  (no ring)
Stlth    +++.......             (no ring)
HPRegen  0.07/turn              (no ring)
MPRegen  0.09/turn              (no ring)
                                (no ring)
                                (no ring)

@: no status effects
A: almost no armour, stealthy swim, amphibious, 8 rings, constrict 8, camouflage
1, gelatinous body 1
a: no special abilities


You were on level 4 of the Dungeon.
You were not hungry.

You visited 1 branch of the dungeon, and saw 4 of its levels.

You collected 29 gold pieces.

Inventory:

Hand Weapons
 a - a +0 short sword (weapon)
Jewellery
 k - an uncursed ring of fire {unknown}
Wands
 b - a wand of flame (11)
 c - a wand of enslavement (15)
 d - a wand of random effects (15)
Scrolls
 e - a scroll of amnesia {unknown}
 h - a scroll of remove curse {unknown}
 i - 2 scrolls of teleportation {unknown}
Potions
 g - a potion of resistance {unknown}
Comestibles
 f - a ration
 j - 3 chunks of flesh


   Skills:
 - Level 1.0 Fighting
 - Level 1.0 Short Blades
 - Level 2.0 Dodging
 + Level 2.9 Stealth
 + Level 1.5 Unarmed Combat
 + Level 3.9 Evocations


You had 2 spell levels left.
You didn't know any spells.
Your spell library was empty.

Dungeon Overview and Level Annotations

Branches:
Dungeon (4/15)
 Temple: D:4-7

Altars:


Innate Abilities, Weirdness & Mutations

You cannot wear most types of armour.
You are very stealthy in the water. (Stealth+)
You are amphibious.
You can wear up to eight rings at the same time.
You can use your tentacles to constrict eight enemies at once.
Your skin changes colour to match your surroundings (Stealth+).
Your rubbery body absorbs attacks. (AC +1, EV +1)


Message History

You have reached level 3!
Your experience leads to an increase in your attributes!
Increase (S)trength, (I)ntelligence, or (D)exterity?
You feel agile.
You see here a hound corpse.
You butcher the hound corpse.
j - 3 chunks of flesh You see here a hound skeleton.
Found a twisted glass ring.
A worker ant and a phantom come into view.
You see here a twisted glass ring.
k - a twisted glass ring
Found a chain mail.
You see here a chain mail.
There is a stone staircase leading up here.
You see here a hound skeleton.
The phantom blinks!
The phantom blinks!
The phantom hits you!
You die...

.# #.# #.# ###
#.# ##.###.#
##.#.##.#
##.###.#.#
##.##
##@.###.# #§##
##W....#
#.####.##
##W######
#.....#÷###.##
#####.##W#[##
#.###..#
####.###..#
#.....##..#
###...##..#


You could see a phantom.

Vanquished Creatures
  A hound (D:4)
  A dart slug (D:3)
  2 leopard geckos (D:3)
  A hobgoblin (D:2)
  2 bats (D:1)
  2 kobolds (D:1)
9 creatures vanquished.

Notes
Turn   | Place    | Note
-------+----------+-------------------------------------------
     0 | D:1      | Maedhros the Octopode Artificer began the quest for the
                  | Orb.
     0 | D:1      | Reached XP level 1. HP: 13/13 MP: 3/3
   112 | D:3      | Reached XP level 2. HP: 6/18 MP: 4/4
   136 | D:4      | Reached skill level 1 in Unarmed Combat
   136 | D:4      | Reached XP level 3. HP: 2/23 MP: 5/5
   147 | D:4      | Noticed a phantom
   180 | D:4      | Slain by a phantom

Levels and vault maps discovered:
D:1:      eino_arrival_water_star, layout_loops_corners
D:2:      layout_basic, bloody_trog
D:3:      layout_loops_corners, grunt_temple_overflow_open,
          nicolae_tso_swordbearing_angel
D:4:      layout_loops_ring, lemuel_doored_altar, overflow_temple_1_default,
          minmay_temple_entry_proselytizer, kennysheep_generic_room_8,
          uniq_crazy_yiuf_cottage

Skill      XL: |  1  2 |
---------------+-------+-----
Stealth        | 2 |  2.9
Unarmed Combat | 1 |  1.5
Fighting       | |  1.0
Short Blades   | |  1.0
Dodging        | |  2.0
Evocations     | |  3.9

Action                   || total
-------------------------++-------
Melee: Short sword       ||    14
       Constrict         ||     6
       Tentacles         ||     3
Evoke: Wand              ||     4
 Stab: Sleeping          ||     2
Armor: Skin              ||     5
Dodge: Dodged            ||     8

Table legend:
 A = Non-vault XP
 B = Vault XP
 C = Vault XP percentage of total XP
 D = Non-vault monster count
 E = Vault monster count
 F = Vault count percentage of total count
                 A         B        C        D         E       F
            +---------+---------+-------+---------+---------+-------
      Total |      57 |       0 |   0.0 |       9 |       0 |   0.0
            +---------+---------+-------+---------+---------+-------
        D:1 |       5 |       0 |   0.0 |       4 |       0 |   0.0
        D:2 |       2 |       0 |   0.0 |       1 |       0 |   0.0
        D:3 |      10 |       0 |   0.0 |       3 |       0 |   0.0
        D:4 |      40 |       0 |   0.0 |       1 |       0 |   0.0
            +---------+---------+-------+---------+---------+-------
